 Dungeon Sprint DCSS version 0.30.1-9-gdf580d7c3d (webtiles) character file.

Game seed: 3188771410895002557

7 Heoruswealwe the Trooper (level 1, -1/20 HPs)
             Began as a Minotaur Fighter on Oct 11, 2023.
             Slain by a white imp (5 damage)
             ... in the Dungeon (Sprint IX: "|||||||||||||||||||||||||||||").
             The game lasted 00:00:28 (32 turns).

Heoruswealwe the Trooper (Minotaur Fighter)           Turns: 32, Time: 00:00:29

Health: -1/20      AC:  7    Str: 20    XL:     1   Next: 91%
Magic:  0/0        EV:  9    Int:  5    God:
Gold:   0          SH:  4    Dex:  9    Spells: 0/0 levels left

rFire   . . .        a - +0 trident
rCold   . . .        d - +0 buckler
rNeg    . . .        c - +0 scale mail
rPois   .            (helmet restricted)
rElec   .            (no cloak)
rCorr   .            (no gloves)
SInv    .            (no boots)
Will    .....        (no amulet) Stlth
                     (no ring)
HPRegen 0.23/turn    (no ring)
MPRegen 0.07/turn

%: no teleportation
@: no status effects
A: horns 2, retaliatory headbutt
a: no special abilities


You were in the Dungeon.
You visited 1 branch

Inventory:

Hand Weapons
 a - a +0 trident (weapon)
Armour
 c - a +0 scale mail (worn)
 d - a +0 buckler (worn)
Scrolls
 j - a scroll of blinking
Potions
 b - a potion of might
 e - a potion of curing
 g - a potion of haste
 i - a potion of berserk rage


   Skills:
 + Level 4.3 Fighting
 * Level 4.1 Polearms
 + Level 4.3 Armour
 - Level 3.6 Shields


You couldn't memorise any spells.
You didn't know any spells.
Your spell library was empty.

Dungeon Overview and Level Annotations

Branches:
Dungeon (1/1)

Altars:


Innate Abilities, Weirdness & Mutations

You have a pair of horns on your head.
You reflexively headbutt those who attack you in melee.


Message History

Your Polearms skill increases to level 4!
Items here: ))) †.
Okay, then.
You start resting.
HP restored.
As you open the door, it creaks loudly!
A white imp, a sleepcap, an adder, a hound and a shadow imp come into view.
The adder hisses angrily.
You barely miss the white imp. You headbutt the white imp.
The white imp is lightly wounded.
The white imp gestures at you. The puff of frost hits you!
You closely miss the white imp.
The white imp is lightly wounded.
The white imp gestures at you. The puff of frost hits you!
Ouch! That really hurt!
* * * LOW HITPOINT WARNING * * *
You feel much better.
The white imp hits you but does no damage.
The shadow imp disappears for a moment.
You hit the white imp. You headbutt the white imp.
The white imp is heavily wounded.
The white imp shouts, "Slither home, thou villainous knotty-pated joithead!"
The white imp gestures at you. The puff of frost hits you!
Ouch! That really hurt!
You hit the white imp.
The white imp is heavily wounded.
The white imp barely misses you.
The hound pauses to sniff the ground.
The white imp gestures at you. The puff of frost hits you.
* * * LOW HITPOINT WARNING * * *
You closely miss the white imp.
The white imp is heavily wounded.
The white imp hits you.
* * * LOW HITPOINT WARNING * * *
The white imp freezes you.
You die... ▓▓▓▓▓▓▓▓▓▓▓▓▓▓▓▓▓▓ ▓<.!.')...@5fSh5.+ ▓▓▓▓▓▓▓▓▓▓▓▓▓▓▓▓▓▓

You could see a sleepcap, a hound, an adder, a white imp and a shadow imp.

Vanquished Creatures
  A dart slug (D)
  An endoplasm (D)
  2 goblins (D)
  A kobold (D)
5 creatures vanquished.

Notes
Turn   | Place    | Note
-------+----------+-------------------------------------------
     0 | D        | Heoruswealwe the Minotaur Fighter began the quest for the
                  | Orb.
     0 | D        | Reached XP level 1. HP: 19/19 MP: 0/0
    26 | D        | Noticed a sleepcap
    26 | D        | Noticed a hound
    32 | D        | Slain by a white imp

Illustrated notes

Levels and vault maps discovered:
D:        linesprint [early_d, line_temple, items_1, d_10, items_2, lair_1,
          lair_end, items_3, orc_1, orc_end, items_4, d_15, swamp_1, shoals_1,
          snake_1, spider_1, d_20, vaults_1, items_5, swamp_end, shoals_end,
          snake_end, spider_end, vaults_end, d_27, items_6, zot_1, zot_end,
          crypt_end, forest_end, elf_end, slime_end, tomb_end, abyss_end,
          pan_hell_end]

Skill      XL: |  1 |
---------------+----+-----
Polearms       | 4 |  4.1
Fighting       | 4 |  4.3
Armour         | 4 |  4.3
Shields        | |  3.6

Action                     || total
---------------------------++-------
  Melee: Trident           ||    15
         Headbutt          ||     4
    Use: Potion            ||     1
 Armour: Scale mail        ||     2
  Dodge: Dodged            ||     5
  Block: Buckler           ||     1
